 Dungeon Crawl Stone Soup version 0.29.1-debian-1-gc3f1650bb9 (webtiles) character file.

Game seed: 6428277959807709615

2 Flugkiller the Magician (level 1, -4/13 HPs)
             Began as a Mummy Air Elementalist on Sept 13, 2022.
             Shot with a sling bullet by a goblin (6 damage)
             ... on level 1 of the Dungeon.
             The game lasted 00:00:20 (139 turns).

Flugkiller the Magician (Mummy Air Elementalist)     Turns: 139, Time: 00:00:21

Health: -4/13      AC:  2    Str: 11    XL:     1   Next: 33%
Magic:  2/4        EV: 12    Int: 14    God:
Gold:   7          SH:  0    Dex: 12    Spells: 4/5 levels left

rFire   x . .      SeeInvis .   (no weapon)
rCold   + . .      Faith    +   (no shield)
rNeg    + + +      Spirit   .   a - +0 robe
rPois   ∞          Reflect  .   (no helmet)
rElec   .          Harm     .   (no cloak)
rCorr   .          Rampage  .   (no gloves)
Will    .....                   (no boots)
Stlth   ++........              (no amulet)
HPRegen 0.04/turn               (no ring)
MPRegen 0.09/turn               (no ring)

@: very slightly contaminated
A: cold resistance 1, negative energy resistance 3, torment resistance 2, heat
vulnerability 1, no potions, faith
a: no special abilities


You were on level 1 of the Dungeon.
You visited 1 branch of the dungeon, and saw 1 of its levels.

You collected 7 gold pieces.

Inventory:

Armour
 a - a +0 robe (worn)


   Skills:
 - Level 1.5 Dodging
 - Level 1.5 Stealth
 * Level 2.8 Spellcasting
 + Level 0.8 Conjurations
 + Level 2.4 Air Magic


You had 4 spell levels left.
You knew the following spells:

 Your Spells              Type           Power      Damage    Failure   Level
a - Shock                 Conj/Air       24%        1d4       11%         1

Your spell library contained the following spells:

 Spells                   Type           Power      Damage    Failure   Level
 Static Discharge         Conj/Air       12%        3-4/arc   17%         2
 Swiftness                Air            8%         N/A       24%         3
 Airstrike                Air            4%         2d(1-17)  61%         4


Dungeon Overview and Level Annotations

Branches:
Dungeon (1/15) Zot: 5860

Altars:


Innate Abilities, Weirdness & Mutations

You are immune to poison.
Your flesh is cold resistant. (rC+)
You are immune to negative energy. (rN+++)
You are immune to unholy pain and torment.
You are vulnerable to heat. (rF-)
You do not drink.
You have a special connection with the divine. (Faith)


Message History

The kobold shouts!
There are monsters nearby!
Casting: Shock (safe; 12% risk of failure)
Confirm with . or Enter, or press ? or * to list all spells.
Aiming: Shock (safe; 12% risk of failure)
Press: ? - help, Shift-Dir - straight line, f - kobold
Aim: a kobold, wielding a +0 short sword (55% to hit)
The zap misses the kobold.
Casting: Shock (safe; 12% risk of failure)
Confirm with . or Enter, or press ? or * to list all spells.
Aiming: Shock (safe; 12% risk of failure)
Press: ? - help, Shift-Dir - straight line, f/p - kobold
Aim: a kobold, wielding a +0 short sword (55% to hit)
The zap misses the kobold.
The bat hits you but does no damage.
Casting: Shock (safe; 12% risk of failure)
Confirm with . or Enter, or press ? or * to list all spells.
Aiming: Shock (safe; 12% risk of failure)
Press: ? - help, Shift-Dir - straight line, f/p - kobold
Aim: a kobold, wielding a +0 short sword (55% to hit)
The zap misses the bat.
The zap hits the kobold.
The kobold is heavily wounded.
The bat hits you but does no damage.
Casting: Shock (safe; 12% risk of failure)
Confirm with . or Enter, or press ? or * to list all spells.
Aiming: Shock (safe; 12% risk of failure)
Press: ? - help, Shift-Dir - straight line, f/p - kobold
Aim: a kobold, wielding a +0 short sword (heavily wounded, 55% to hit)
The zap hits the kobold.
The kobold is severely wounded.
The bat hits you.
The kobold hits you with a +0 short sword.
A goblin comes into view. It is wielding a +0 dagger.
Casting: Shock (safe; 12% risk of failure)
Confirm with . or Enter, or press ? or * to list all spells.
You don't have enough magic to cast this spell.
The kobold attacks as you move away! The kobold barely misses you.
The bat hits you but does no damage. The bat hits you.
The bat attacks as you move away! The bat barely misses you. The bat hits you.
Casting: Shock (safe; 12% risk of failure)
Confirm with . or Enter, or press ? or * to list all spells.
You don't have enough magic to cast this spell.
The kobold attacks as you move away!
The kobold hits you with a +0 short sword.
The bat barely misses you.
Casting: Shock (safe; 12% risk of failure)
Confirm with . or Enter, or press ? or * to list all spells.
You don't have enough magic to cast this spell.
The bat barely misses you. The kobold closely misses you.
The kobold attacks as you move away!
The kobold hits you with a +0 short sword.
* * * LOW HITPOINT WARNING * * *
The bat attacks as you move away! The bat hits you.
* * * LOW HITPOINT WARNING * * *
The bat hits you.
* * * LOW HITPOINT WARNING * * *
Casting: Shock (safe; 12% risk of failure)
Confirm with . or Enter, or press ? or * to list all spells.
Aiming: Shock (safe; 12% risk of failure)
Press: ? - help, Shift-Dir - straight line, p - kobold That beam is likely to hit you.
Continue anyway?
Okay, then.
The kobold attacks as you move away! The kobold barely misses you.
Casting: Shock (safe; 12% risk of failure)
Confirm with . or Enter, or press ? or * to list all spells.
Aiming: Shock (safe; 12% risk of failure)
Press: ? - help, Shift-Dir - straight line The zap misses the kobold.
The zap hits the bat.
The bat is heavily wounded.
The zap hits the bat.
You kill the bat!
The zap hits the kobold.
You kill the kobold!
You start resting.
Magic restored.
You start resting.
A goblin is nearby!
Casting: Shock (safe; 11% risk of failure)
Confirm with . or Enter, or press ? or * to list all spells.
Aiming: Shock (safe; 11% risk of failure)
Press: ? - help, Shift-Dir - straight line, f - goblin
Aim: a goblin, wielding a +2 sling of flaming (wandering, hasn't noticed you, 55% to hit)
You miscast Shock.
You are very lightly contaminated with residual magic.
Nothing appears to happen.
The goblin shouts!
The goblin shoots a sling bullet.
The sling bullet closely misses you.
Casting: Shock (safe; 11% risk of failure)
Confirm with . or Enter, or press ? or * to list all spells.
Aiming: Shock (safe; 11% risk of failure)
Press: ? - help, Shift-Dir - straight line, f/p - goblin
Aim: a goblin, wielding a +2 sling of flaming (55% to hit)
The zap hits the goblin.
The goblin is heavily wounded.
The goblin shoots a sling bullet.
The sling bullet hits you.
* * * LOW HITPOINT WARNING * * *
The sling bullet burns you.
* * * LOW HITPOINT WARNING * * *
The goblin shoots a sling bullet.
The sling bullet hits you.
You die...

#.# ### #.# #.. # #
##.# #.# .#.
..###.###..
##........# >..
##>..#.....# ###..
#....#.....#
#..(.##..<.#@....#
#................#
###.###........#####
........g.....#
###.###........#
#..............# .
#.##.#.##.######
.##....#)##.#
#....###....#


You could see a goblin.

Vanquished Creatures
  A bat (D:1)
  A kobold (D:1)
2 creatures vanquished.

Notes
Turn   | Place    | Note
-------+----------+-------------------------------------------
     0 | D:1      | Flugkiller the Mummy Air Elementalist began the quest for
                  | the Orb.
     0 | D:1      | Reached XP level 1. HP: 13/13 MP: 4/4
   139 | D:1      | Shot with a sling bullet by a goblin

Illustrated notes

Levels and vault maps discovered:
D:1:      dpeg_arrival_long_road, layout_basic, minmay_surrounded

Action                   || total
-------------------------++-------
 Cast: Shock             ||     6
Armor: Robe              ||     3
Dodge: Dodged            ||     7
